 Dungeon Crawl Stone Soup version 0.24.0-123-gd5b16e6ec5 (webtiles) character file.

Game seed: 15692943447822128572, levelgen mode: deterministic

16080 Curus the Fencer (level 12, -12/166 HPs)
             Began as a Minotaur Berserker on Jan 12, 2020.
             Was a High Priest of Trog.
             Killed from afar by a lindwurm (22 damage)
             ... with a blast of flame
             ... in a volcano on Jan 13, 2020.
             The game lasted 00:57:05 (10795 turns).

Curus the Fencer (Minotaur Berserker)              Turns: 10795, Time: 00:57:05

Health: -12/166    AC: 22    Str: 26    XL:     12   Next: 6%
Magic:  15/15      EV:  9    Int: 15    God:    Trog [*****.]
Gold:   497        SH:  6    Dex: 16    Spells: 11/11 levels left

rFire    . . .     SeeInvis .   T - +4 scimitar (flame)
rCold    . . .     Gourm    .   C - +1 buckler of the Fisher {rElec Int+4 Dex+3 Stlth+}
rNeg     + . .     Faith    .   u - +0 plate armour
rPois    .         Spirit   .   g - +2 hat
rElec    +         Reflect  .   r - +1 cloak
rCorr    .         Harm     .   s - +0 pair of gloves
MR       ++...                  E - +0 pair of boots
Stlth    ..........             L - amulet of regeneration
HPRegen  1.77/turn              q - ring of Geuxkug {rN+ Int+4 Slay+2}
MPRegen  0.14/turn              R - ring of stealth

@: berserking (expiring), flying, regenerating, very quick
A: retaliatory headbutt, horns 2
a: Berserk, Trog's Hand, Brothers in Arms, Renounce Religion


You were in a volcano.
You worshipped Trog.
Trog was extremely pleased with you.
You were hungry.

You visited 2 branches of the dungeon, and saw 12 of its levels.
You also visited: Volcano.

You collected 947 gold pieces.
You spent 450 gold pieces at shops.

Inventory:

Hand Weapons
 a - a +0 falchion
 k - a +2 long sword of draining
 I - a +3 great sword of flaming
 J - a +0 scimitar
 S - a +0 scimitar of flaming
 T - a +4 scimitar of flaming (weapon)
Armour
 b - a +0 animal skin
 d - a +1 chain mail
 g - a +2 hat (worn)
 o - a +2 hat
 r - a +1 cloak (worn)
 s - a +0 pair of gloves (worn)
 u - a +0 plate armour (worn)
 v - a +1 hat
 w - a +0 shield
 C - the +1 buckler of the Fisher (worn) {rElec Int+4 Dex+3 Stlth+}
   (You acquired it on level 8 of the Dungeon)

   It affects your intelligence (+4).
   It affects your dexterity (+3).
   It insulates you from electricity.
   It makes you more stealthy.
 E - a +0 pair of boots (worn)
 G - the cursed +1 chain mail of Wisdom {rC- Int+4 SInv}
   (You found it on level 10 of the Dungeon)

   It affects your intelligence (+4).
   It makes you vulnerable to cold.
   It lets you see invisible.
   It has a curse placed upon it.
Jewellery
 q - the ring of Geuxkug (left hand) {rN+ Int+4 Slay+2}
   (You found it on level 5 of the Dungeon)

   [ring of positive energy]

   It affects your intelligence (+4).
   It affects your accuracy and damage with ranged weapons and melee attacks
   (+2).
   It protects you from negative energy.
 H - an uncursed ring of wizardry
 L - an amulet of regeneration (around neck)
 N - a cursed amulet of harm
 R - a ring of stealth (right hand)
Wands
 h - a wand of flame (17)
 i - a wand of enslavement (20)
 t - a wand of acid (11)
 F - a wand of paralysis (6)
Scrolls
 j - 7 scrolls of remove curse
 l - 8 scrolls of teleportation
 m - 14 scrolls of identify
 n - a scroll of torment
 p - 3 scrolls of noise
 y - 2 scrolls of fear
 M - a scroll of acquirement
 O - 2 scrolls of enchant armour
 P - 3 scrolls of magic mapping
 Q - a scroll of enchant weapon
Potions
 e - 3 potions of curing
 f - a potion of ambrosia
 x - 3 potions of agility
 z - 3 potions of berserk rage
 A - 2 potions of brilliance
 B - 3 potions of invisibility
 D - 2 potions of haste
 K - a potion of flight
Comestibles
 c - 22 rations


   Skills:
 + Level 11.6 Fighting
 - Level 15.0 Long Blades
 + Level 11.4 Armour
 - Level 2.1 Dodging
 - Level 4.1 Shields
 - Level 5.3 Evocations


You had 11 spell levels left.
You didn't know any spells.
Your spell library was empty.

Dungeon Overview and Level Annotations

Branches:
Dungeon (10/15)            Temple (0/1) D:6            Lair (2/6) D:9
    Orc (0/2) D:10        Volcano (1/1)
  Swamp: Lair:2-4    Shoals: Lair:2-4     Snake: Lair:2-4    Spider: Lair:2-4

Altars:
Cheibriados
Elyvilon
Gozag
Hepliaklqana
Kikubaaqudgha
Nemelex Xobeh
Okawaru
Sif Muna
Trog
Vehumet
Xom
Zin
The Shining One

Shops:
D:4 ?   D:10 (

Annotations:
Lair:2 3 runed translucent doors, Bombadil's ghost, journeyman GrEE; Lonerover's ghost, journeyman MiFi; Verminor's ghost, journeyman MiFi; rumpelstilzz's ghost, journeyman TrWr


Innate Abilities, Weirdness & Mutations

You reflexively headbutt those who attack you in melee.
You have a pair of horns on your head.


Message History

A red film seems to cover your vision as you go berserk!
You feel yourself moving faster!
You feel mighty!
You are feeling hungry.
The lindwurm breathes flames at you. The blast of flame hits you!
* * * LOW HITPOINT WARNING * * *
You hit the lindwurm. You burn the lindwurm.
The lindwurm is severely wounded.
You hit the lindwurm. You burn the lindwurm.
The lindwurm is almost dead.
The lindwurm bites you but does no damage.
The lindwurm claws you.
* * * LOW HITPOINT WARNING * * *
The lindwurm barely misses you.
You slice the lindwurm!! You burn the lindwurm.
You kill the lindwurm!
Trog accepts your kill. The lindwurm breathes flames at you.
The blast of flame hits you!!
You die...

### #.# #☼○§≈.## ### ###
..####.### #.≈○≈§☼# ###.## ##.#
...##.≈..# ##.○○§○☼## #.§§§###..≈
...#°≈≈≈.###..≈≈○≈≈☼###°§≈.§#....
∩..'.°≈≈..##.≈≈≈≈≈≈.##°°≈§§≈'...)
...#≈≈≈≈≈≈.'####≈#≈#'.)≈≈°≈≈##.).
..##≈☼☼≈≈#### #########≈§§≈≈##[∩.
..###≈#≈## +#≈#≈≈#≈#).###§####.).
∩..+##### #.≈≈≈@≈≈.##.#####'...[
...# #.≈≈k≈≈≈.###..##)#.... ..##
##.≈≈≈≈.## ##....#...≈ ..#
#.≈≈≈≈.# ##.####..# #..≈≈..# #.#
##.# ##.≈≈.## ### ### ##...#
#..##


You could see a lindwurm.

Vanquished Creatures
  2 hydras
  3 two-headed ogres
  The ghost of dragonscale333 the Arsonist, a novice HOFE of Vehumet (D:6)
  A lindwurm (Volcano)
  2 molten gargoyles (Volcano)
  2 black mambas (Lair:2)
  2 spiny frogs
  A komodo dragon (D:9)
  3 efreet (Volcano)
  A troll (D:9)
  A hornet (D:10)
  3 blink frogs (Lair:1)
  A hippogriff (Lair:1)
  Sigmund (D:5)
  A spriggan (D:7)
  3 wyverns
  3 fire elementals (Volcano)
  5 yaks (D:9)
  A wraith (D:10)
  A hungry ghost (D:8)
  Eustachio (D:6)
  Duvessa (D:7)
  Edmund (D:5)
  2 water moccasins
  4 porcupines
  A black bear (Lair:2)
  2 sky beasts
  2 ice beasts
  A phantom (D:4)
  5 orc warriors
  3 centaurs
  5 crocodiles
  5 ogres
  11 bullfrogs
  2 earth elementals (Volcano)
  Dowan (D:7)
  2 scorpions
  A wyvern skeleton (D:7)
  A water moccasin skeleton (D:6)
  3 howler monkeys
  2 crimson imps (D:8)
  3 bullfrog zombies
  A quasit (D:8)
  A centaur zombie (D:10)
  8 hounds
  7 orc priests
  3 bullfrog skeletons
  2 centaur skeletons
  An iron imp (D:8)
  6 orc wizards
  2 iguanas
  Crazy Yiuf (D:5)
  5 worker ants
  A killer bee zombie (D:8)
  A worker ant zombie (D:5)
  A gnoll (D:4)
  2 howler monkey skeletons
  13 adders
  2 shadow imps (D:7)
  2 oozes
  An adder zombie (D:5)
  3 adder skeletons
  4 worms
  A dart slug (D:5)
  7 leopard geckos
  41 orcs
  9 bats
  5 giant cockroaches
  8 goblins
  3 hobgoblins
  14 jackals
  6 quokkas
  5 ball pythons
  A frilled lizard (D:5)
  A jackal zombie (D:6)
  10 kobolds
  2 leopard gecko skeletons (D:5)
  A quokka zombie (D:8)
  7 rats
  2 fire vortices (Volcano)
287 creatures vanquished.

Vanquished Creatures (others)
  A fire vortex (Volcano)
1 creature vanquished.

Grand Total: 288 creatures vanquished

Notes
Turn   | Place    | Note
-------+----------+-------------------------------------------
     0 | D:1      | Curus the Minotaur Berserker began the quest for the Orb.
     0 | D:1      | Reached XP level 1. HP: 19/19 MP: 0/0
   129 | D:1      | Reached skill level 4 in Long Blades
   220 | D:1      | Reached XP level 2. HP: 22/26 MP: 1/1
   651 | D:2      | Reached skill level 5 in Long Blades
   651 | D:2      | Reached XP level 3. HP: 30/31 MP: 2/2
   716 | D:2      | Found an iron altar of Okawaru.
   869 | D:2      | Reached ** piety under Trog
   883 | D:2      | Reached skill level 6 in Long Blades
   883 | D:2      | Reached XP level 4. HP: 26/39 MP: 3/3
  1357 | D:3      | Reached skill level 7 in Long Blades
  1357 | D:3      | Reached XP level 5. HP: 23/45 MP: 4/4
  1403 | D:3      | Reached *** piety under Trog
  1457 | D:3      | Found an ancient bone altar of Kikubaaqudgha.
  1463 | D:3      | Found a shimmering blue altar of Sif Muna.
  1465 | D:3      | Found a radiant altar of Vehumet.
  1779 | D:3      | Found a shimmering altar of Xom.
  1784 | D:3      | Found a sparkling altar of Nemelex Xobeh.
  2031 | D:4      | Found a bloodstained altar of Trog.
  2132 | D:4      | Reached skill level 8 in Long Blades
  2138 | D:4      | Reached XP level 6. HP: 46/51 MP: 5/5
  2311 | D:4      | Reached skill level 9 in Long Blades
  2526 | D:4      | Found Cozus's Magic Scroll Shop.
  2530 | D:4      | Bought a scroll of teleportation for 36 gold pieces
  2530 | D:4      | Bought a scroll of teleportation for 36 gold pieces
  2530 | D:4      | Bought a scroll of teleportation for 36 gold pieces
  2530 | D:4      | Bought a scroll of torment for 90 gold pieces
  2530 | D:4      | Bought a scroll of noise for 12 gold pieces
  2597 | D:4      | Reached XP level 7. HP: 57/57 MP: 6/6
  2793 | D:5      | Entered Level 5 of the Dungeon
  2902 | D:5      | Noticed Sigmund
  2913 | D:5      | Killed Sigmund
  2913 | D:5      | Reached skill level 10 in Long Blades
  2953 | D:5      | Got a brightly glowing tin ring
  2954 | D:5      | Identified the ring of Geuxkug {rN+ Int+4 Slay+2} (You
                  | found it on level 5 of the Dungeon)
  3164 | D:5      | Found a runed translucent door.
  3165 | D:5      | Noticed Crazy Yiuf
  3423 | D:5      | Noticed Edmund
  3444 | D:5      | Killed Edmund
  3444 | D:5      | Reached **** piety under Trog
  3444 | D:5      | Reached skill level 11 in Long Blades
  3612 | D:5      | Killed Crazy Yiuf
  3693 | D:6      | Reached XP level 8. HP: 53/64 MP: 7/7
  3814 | D:6      | Found a runed translucent gate.
  3816 | D:6      | Found a runed translucent gate.
  3817 | D:6      | Found a runed translucent gate.
  3817 | D:6      | Noticed dragonscale333's ghost (novice HOFE)
  3833 | D:6      | Found a staircase to the Ecumenical Temple.
  3848 | D:6      | Found a hazy altar of Hepliaklqana.
  3850 | D:6      | Reached skill level 12 in Long Blades
  4303 | D:6      | Noticed Eustachio
  4318 | D:6      | Killed Eustachio
  4318 | D:6      | Reached skill level 13 in Long Blades
  4595 | D:7      | Noticed Dowan
  4596 | D:7      | Noticed Duvessa
  4607 | D:7      | Killed Duvessa
  4609 | D:7      | Killed Dowan
  4622 | D:7      | Reached XP level 9. HP: 36/70 MP: 8/8
  4983 | D:7      | Reached skill level 14 in Long Blades
  5056 | D:7      | Found an opulent altar of Gozag.
  5374 | D:7      | Reached skill level 5 in Fighting
  5854 | D:8      | Reached skill level 5 in Armour
  5935 | D:8      | Found a snail-covered altar of Cheibriados.
  6158 | D:8      | Reached ***** piety under Trog
  6208 | D:8      | Reached XP level 10. HP: 62/88 MP: 9/9
  6380 | D:8      | Identified a scroll of acquirement
  6381 | D:8      | Got an ancient buckler
  6727 | D:8      | Found a glowing silver altar of Zin.
  6727 | D:8      | Found a glowing golden altar of the Shining One.
  6728 | D:8      | Found a white marble altar of Elyvilon.
  6974 | D:8      | Identified the +1 buckler of the Fisher {rElec Int+4 Dex+3
                  | Stlth+} (You acquired it on level 8 of the Dungeon)
  7285 | D:9      | Noticed a two-headed ogre
  7320 | D:9      | Killed a two-headed ogre
  7735 | D:9      | Found a staircase to the Lair.
  7913 | D:4      | Bought a scroll of brand weapon for 240 gold pieces
  8087 | D:6      | Killed dragonscale333's ghost
  8087 | D:6      | Reached skill level 10 in Fighting
  8291 | Lair:1   | Entered Level 1 of the Lair of Beasts
  8315 | Lair:1   | Reached skill level 1 in Shields
  8315 | Lair:1   | Reached skill level 1 in Evocations
  8350 | Lair:1   | Reached XP level 11. HP: 90/100 MP: 11/11
  8360 | Lair:1   | Noticed an eight-headed hydra
  8629 | D:10     | Entered Level 10 of the Dungeon
  8633 | D:10     | Noticed a two-headed ogre
  8653 | D:10     | Killed a two-headed ogre
  8653 | D:10     | Reached skill level 10 in Armour
  8932 | D:10     | Got a scorched chain mail
  8942 | D:10     | Noticed a two-headed ogre
  8952 | D:10     | Killed a two-headed ogre
  9036 | D:10     | Found Sozu's Weapon Boutique.
  9038 | D:10     | Found a staircase to the Orcish Mines.
  9284 | D:10     | Received a gift from Trog
  9476 | D:9      | Identified the cursed +1 chain mail of Wisdom {rC- Int+4
                  | SInv} (You found it on level 10 of the Dungeon)
  9484 | Lair:1   | Killed a four-headed hydra
 10122 | Lair:2   | Found a runed translucent gate.
 10122 | Lair:2   | Found a runed translucent gate.
 10239 | Lair:2   | Noticed Bombadil's ghost (journeyman GrEE)
 10240 | Lair:2   | Noticed Lonerover's ghost (journeyman MiFi)
 10241 | Lair:2   | Noticed rumpelstilzz's ghost (journeyman TrWr)
 10241 | Lair:2   | Noticed Verminor's ghost (journeyman MiFi)
 10242 | Lair:2   | Found a runed translucent gate.
 10348 | Lair:2   | Reached skill level 5 in Evocations
 10387 | Lair:2   | Noticed a seven-headed hydra
 10393 | Lair:2   | Killed a five-headed hydra
 10393 | Lair:2   | Reached skill level 15 in Long Blades
 10453 | Lair:2   | Found a dark tunnel.
 10458 | Volcano  | Entered a volcano
 10643 | Volcano  | Noticed a lindwurm
 10643 | Volcano  | Noticed a lindwurm
 10651 | Volcano  | Reached XP level 12. HP: 65/110 MP: 15/15
 10793 | Volcano  | HP: 8/165 [lindwurm (4)]
 10795 | Volcano  | Killed from afar by a lindwurm

Levels and vault maps discovered:
D:1:      psy_arrival_whirlpool, layout_loops_cross
D:2:      layout_loops_ring, nicolae_overflow_crystal_walls
D:3:      layout_loops_ring, grunt_temple_overflow_magic_moments, minitemple,
          serial_glass, glass_columns_c, glass_columns_a, glass_columns_b,
          glass_columns_a, glass_columns_a, glass_columns_a, first_ration,
          minmay_pentomino_pile
D:4:      layout_basic, lemuel_doored_altar, serial_shops, shop,
          cheibrodos_gnoll_hut
D:5:      layout_gridville, uniq_crazy_yiuf_cottage, uniq_sigmund, uniq_edmund
D:6:      layout_layer_cave, marbit_many_paths,
          minmay_temple_entry_glassed_door, ebering_ghost_rock_garden,
          uniq_eustachio
D:7:      layout_loops_ring, grunt_gozag_breadcrumbs, the_bakery,
          grunt_potential, uniq_duvessa
D:8:      minmay_bloctagon, layout_basic, good_gods_temple_1, slow_altar_1,
          grunt_ministairs_4
D:9:      layout_irregular_city, lair_entry_dummy
D:10:     layout_basic, orc_david_3
Lair:1:   layout_gridlike
Lair:2:   layout_hall_layers, nicolae_volcano_entry_s_turn,
          gammafunk_ghost_cemetery
Volcano:  volcano_aerie

Skill      XL: |  1  2  3  4  5  6  7  8  9 10 11 |
---------------+----------------------------------+-----
Long Blades    | 4 5 6 7 8 9 11 13 14 15 | 15.0
Fighting       | 7 10 11 | 11.6
Armour         | 7 9 11 | 11.4
Shields        | 3 4 |  4.1
Evocations     | 2 5 |  5.3
Dodging        | |  2.1

Action                   |  1- 3 |  4- 6 |  7- 9 | 10-12 || total
-------------------------+-------+-------+-------+-------++-------
Melee: Falchion          |    77 |    91 |       |       ||   168
       Headbutt          |    13 |    25 |    61 |    77 ||   176
       Long sword        |       |    82 |   288 |   236 ||   606
       Scimitar          |       |       |       |    61 ||    61
       Great sword       |       |       |       |    44 ||    44
Invok: Berserk           |       |       |     1 |     4 ||     5
       Trog's Hand       |       |       |       |     1 ||     1
Evoke: Wand              |       |       |     3 |     2 ||     5
  Use: Potion            |     3 |     2 |     4 |     3 ||    12
       Scroll            |     5 |     4 |     2 |     9 ||    20
  Eat: Chunk             |       |     5 |     6 |     9 ||    20
       Ration            |       |       |     2 |     3 ||     5
Armor: Chain mail        |    48 |    99 |    77 |       ||   224
       Plate armour      |       |       |    51 |   130 ||   181
Dodge: Dodged            |    40 |    73 |    76 |    69 ||   258
Block: Shield            |       |       |    20 |     7 ||    27
       Buckler           |       |       |       |    29 ||    29
       Rpst.: Falchion   |    13 |     7 |       |       ||    20
       Long sword        |       |    12 |    13 |    12 ||    37
       Great sword       |       |       |       |     6 ||     6
       Scimitar          |       |       |       |     2 ||     2
